 Dungeon Crawl Stone Soup version 0.23-a0-677-g07611c5 (console) character file.

45 Duffy the Conjurer (level 3, 26/26 HPs)
             Began as a Demonspawn Fire Elementalist on Jan 9, 2019.
             Quit the game on level 2 of the Dungeon.
             The game lasted 00:01:22 (1283 turns).

Duffy the Conjurer (Demonspawn Fire Elementalist)   Turns: 1283, Time: 00:01:23

Health: 26/26      AC:  3    Str:  8    XL:     3   Next: 42%
Magic:  6/6        EV: 12    Int: 17    God:
Gold:   44         SH:  0    Dex: 13    Spells: 2/6 levels left

rFire    . . .     SeeInvis .   g - +1 dagger (venom)
rCold    . . .     Gourm    .   (no shield)
rNeg     . . .     Faith    .   j - +0 leather armour
rPois    .         Spirit   .   (no helmet)
rElec    .         Reflect  .   (no cloak)
rCorr    .         Harm     .   (no gloves)
MR       .....                  (no boots)
Stlth    +++.......             (no amulet)
HPRegen  0.08/turn              (no ring)
MPRegen  0.10/turn              (no ring)

@: no status effects
A: nightstalker 1, sturdy frame 1
a: no special abilities


You were on level 2 of the Dungeon.
You were not hungry.

You visited 1 branch of the dungeon, and saw 2 of its levels.

You collected 44 gold pieces.

Inventory:

Hand Weapons
 g - a +1 dagger of venom (weapon)
Armour
 j - a +0 leather armour (worn)
Wands
 a - a wand of random effects (27)
Scrolls
 d - a scroll of magic mapping {unknown}
 e - 2 scrolls of enchant weapon {unknown}
Potions
 b - a potion of brilliance {unknown}
 h - 2 potions of degeneration {unknown}
 i - a potion of curing {unknown}
Comestibles
 c - 6 rations


   Skills:
 + Level 1.4 Fighting
 - Level 1.7 Dodging
 - Level 1.7 Stealth
 - Level 2.0 Spellcasting
 - Level 2.9 Conjurations
 - Level 2.6 Fire Magic


You had 2 spell levels left.
You knew the following spells:

 Your Spells              Type           Power        Failure   Level  Hunger
h - Flame Tongue          Conj/Fire      ##...        6%          1    #......
l - Conjure Flame         Conj/Fire      ##......     19%         3    ###....

Your spell library contained the following spells:

 Spells                   Type           Power        Failure   Level  Hunger
 Throw Flame              Conj/Fire      ##....       10%         2    ###....
 Inner Flame              Hex/Fire       #.......     34%         3    ###....
 Sticky Flame             Conj/Fire      ##......     54%         4    #####..
 Fireball                 Conj/Fire      ##........   87%         5    ######.


Dungeon Overview and Level Annotations

Branches:
Dungeon (2/15)

Altars:


Innate Abilities, Weirdness & Mutations

You are slightly more attuned to the shadows.
Your movements are slightly less encumbered by armour. (ER -2)


Message History

You feel clever.
Your demonic ancestry asserts itself...
You feel less encumbered by your armour.
Memorise Conjure Flame, consuming 3 spell levels and leaving 2?
You start memorising the spell.
You continue memorising. x3
You finish memorising.
Spell assigned to 'j'.
Adjust (i)tems, (s)pells, or (a)bilities?
Adjust which spell? j - Conjure Flame Adjust to which letter? l - Conjure Flame
a - a wand of random effects (27)
Things that are here:
a +0 club; a +0 robe You start resting.
Magic restored.
Things that are here:
a +0 club; a +0 robe Autopickup is now off.
Autopickup is now on.
Are you sure you want to abandon this character and quit the game? (Confirm

### ..# #.#
##.## #...#
.########...#
........@...#
########.#...#
#........#...#.#
#[########...#.#
#........#...#.#
########.#.+##.#
#........#..##.#
#.########..##.#
#........#..##.#


There were no monsters in sight!

Vanquished Creatures
  Jessica (D:2)
  2 bats (D:1)
  A goblin (D:1)
  4 hobgoblins
  3 jackals (D:1)
  A frilled lizard (D:1)
  2 kobolds (D:1)
  4 rats
18 creatures vanquished.

Notes
Turn   | Place    | Note
-------+----------+-------------------------------------------
     0 | D:1      | Duffy the Demonspawn Fire Elementalist began the quest for
                  | the Orb.
     0 | D:1      | Reached XP level 1. HP: 13/13 MP: 3/3
   503 | D:1      | Gained mutation: You are slightly more attuned to the
                  | shadows. [demonic ancestry]
   503 | D:1      | Reached XP level 2. HP: 14/19 MP: 3/5
  1229 | D:2      | Noticed Jessica
  1236 | D:2      | Killed Jessica
  1236 | D:2      | Reached skill level 1 in Fighting
  1236 | D:2      | Gained mutation: Your movements are slightly less
                  | encumbered by armour. (ER -2) [demonic ancestry]
  1236 | D:2      | Reached XP level 3. HP: 26/26 MP: 1/6
  1241 | D:2      | Learned a level 3 spell: Conjure Flame
  1283 | D:2      | Quit the game

Vault maps used:
D:1:      psy_arrival_basics, minmay_misc_feat_five
D:2:      first_ration, minivault_27, minmay_circle_x, uniq_jessica,
          uniq_natasha, uniq_terence

Skill      XL: |  1  2 |
---------------+-------+-----
Conjurations   | 2 |  2.9
Fighting       | 1 |  1.4
Dodging        | |  1.7
Stealth        | |  1.7
Spellcasting   | |  2.0
Fire Magic     | |  2.6

Action                   || total
-------------------------++-------
Melee: Unarmed           ||    23
       Dagger            ||    19
 Cast: Flame Tongue      ||    22
  Eat: Chunk             ||     1
Armor: Robe              ||    14
       Leather armour    ||     2
Dodge: Dodged            ||    37

Table legend:
 A = Non-vault XP
 B = Vault XP
 C = Vault XP percentage of total XP
 D = Non-vault monster count
 E = Vault monster count
 F = Vault count percentage of total count
                 A         B        C        D         E       F
            +---------+---------+-------+---------+---------+-------
      Total |      28 |      37 |  56.9 |      17 |       1 |   5.6
            +---------+---------+-------+---------+---------+-------
        D:1 |      23 |       0 |   0.0 |      14 |       0 |   0.0
        D:2 |       5 |      37 |  88.1 |       3 |       1 |  25.0
            +---------+---------+-------+---------+---------+-------
